 Dungeon Crawl Stone Soup version 0.21.1-1-g345015fe64 (webtiles) character file.

888765 LSF the Vine Porcupine (level 27, -3/187 HPs)
             Began as a Vine Stalker Fighter on May 29, 2018.
             Was the Champion of Makhleb.
             Killed by the effects of Hell (12 damage)
             ... on level 7 of Gehenna on July 29, 2018.
             The game lasted 08:45:51 (83899 turns).

LSF the Vine Porcupine (Vine Stalker Fighter)      Turns: 83899, Time: 08:45:54

Health: -3/187     AC: 54    Str: 33    XL:     27
Magic:  0/34       EV: 23    Int: 13    God:    Makhleb [******]
Gold:   7532       SH: 22    Dex: 31    Spells: 26/26 levels left

rFire    + + +     SeeInvis +   R - +18 lance "Wyrmbane" {slay drac, rPois rF+ rC+ AC+3}
rCold    + + .     Gourm    .   m - +2 shield {AC+3}
rNeg     + + +     Faith    +   J - +10 gold dragon scales
rPois    +         Spirit   +   u - +1 helmet {SInv}
rElec    +         Reflect  .   A - +3 cloak "Akueh" {rN+++ MR- Dex+3 Stlth+}
rCorr    +         Harm     .   e - +4 pair of gloves of Compression {Str+4 Int+3}
MR       ++++.                  L - +0 pair of boots {Stlth+}
Stlth    ..........             c - amulet "Dagioj" {Faith rElec rF++}
HPRegen  1.21/turn              P - ring "Tiewe" {rCorr +Blink MR+ Dex+7 SInv}
MPRegen  0.24/turn              X - ring "Soecw" {rPois MR+ Dex+2}

@: very slightly contaminated
A: fangs 3, thin skeletal structure 1, clever 1, low mp 1, regeneration 2,
robust 1, magic shield, antimagic bite, no potion heal 3, rot immunity
}: 4/15 runes: barnacled, silver, abyssal, gossamer
a: Minor Destruction, Lesser Servant of Makhleb, Major Destruction, Greater
Servant of Makhleb, Renounce Religion, Evoke Blink


You were on level 7 of Gehenna.
You worshipped Makhleb.
Makhleb was exalted by your worship.
You were not hungry.

You visited 14 branches of the dungeon, and saw 65 of its levels.
You visited the Abyss 1 time.
You also visited: Ice Cave and Desolation.

You collected 9877 gold pieces.
You spent 2345 gold pieces at shops.

Inventory:

Hand Weapons
 r - a +1 sacred scourge of holy wrath
 R - the +18 lance "Wyrmbane" (weapon) {slay drac, rPois rF+ rC+ AC+3}
   (You bought it in a shop on level 6 of the Dungeon)

   It affects your AC (+3).
   It protects you from fire.
   It protects you from cold.
   It protects you from poison.
Armour
 e - the +4 pair of gloves of Compression (worn) {Str+4 Int+3}
   (You bought it in a shop on level 3 of the Shoals)

   It affects your strength (+4).
   It affects your intelligence (+3).
 j - a +1 hat of intelligence
 m - a +2 shield of protection (worn)
 u - a +1 helmet of see invisible (worn)
 A - the +3 cloak "Akueh" (worn) {rN+++ MR- Dex+3 Stlth+}
   (You found it on level 5 of the Vaults)

   It affects your dexterity (+3).
   It renders you almost immune to negative energy.
   It affects your resistance to hostile enchantments.
   It makes you more stealthy.
 J - +10 gold dragon scales (worn)
 L - a +0 pair of boots of stealth (worn)
Jewellery
 c - the amulet "Dagioj" (around neck) {Faith rElec rF++}
   (You found it on level 3 of the Spider Nest)

   [amulet of faith]

   It allows you to gain divine favour quickly.
   It greatly protects you from fire.
   It insulates you from electricity.
 w - the ring of Dapp {Ice *Drain rN+ Int+3 Stlth+}
   (You took it off a balrug on level 7 of Gehenna)

   [ring of ice]

   It enhances your ice magic.
   It affects your intelligence (+3).
   It makes you vulnerable to fire.
   It protects you from cold.
   It protects you from negative energy.
   It causes draining when unequipped.
   It makes you more stealthy.
 P - the ring "Tiewe" (left hand) {rCorr +Blink MR+ Dex+7 SInv}
   (You found it on level 2 of the Depths)

   [ring of resist corrosion]

   It affects your dexterity (+7).
   It affects your resistance to hostile enchantments.
   It lets you see invisible.
   It lets you blink.
 X - the ring "Soecw" (right hand) {rPois MR+ Dex+2}
   (You found it in an ice cave)

   [ring of poison resistance]

   It affects your dexterity (+2).
   It protects you from poison.
   It affects your resistance to hostile enchantments.
Wands
 b - a wand of digging (33)
 n - a wand of paralysis (27)
 F - a wand of iceblast (70)
 N - a wand of acid (23)
 Q - a wand of disintegration (21)
 V - a wand of clouds (21)
 W - a wand of scattershot (23)
 Z - a wand of polymorph (20)
Scrolls
 g - 3 scrolls of silence
 h - 25 scrolls of remove curse
 i - 8 scrolls of identify
 s - a scroll of amnesia
 v - 5 scrolls of blinking
 x - 4 scrolls of fear
 y - 5 scrolls of magic mapping
 C - 37 scrolls of teleportation
 E - 3 scrolls of summoning
 O - 5 scrolls of holy word
 Y - 13 scrolls of fog
Potions
 a - 4 potions of agility
 d - 6 potions of might
 l - 3 potions of invisibility
 o - 36 potions of curing
 p - a potion of ambrosia
 q - 4 potions of berserk rage
 z - 10 potions of flight
 B - 7 potions of magic
 D - 6 potions of cancellation
 G - 6 potions of haste
 I - 8 potions of brilliance
 T - 2 potions of resistance
Books
 t - the Tome of Lucky Summoning
   (You found it on level 7 of Gehenna)

   Spells                             Type                      Level
   a - Call Canine Familiar           Summoning                    3
   b - Recall                         Summoning/Translocation      3
   c - Excruciating Wounds            Charms/Necromancy            5
   d - Summon Forest                  Summoning/Translocation      5
Miscellaneous
 k - the horn of Geryon
Comestibles
 f - 104 rations


   Skills:
 * Level 25.6 Fighting
 - Level 7.1 Maces & Flails
 O Level 27 Polearms
 + Level 19.3 Armour
 + Level 16.9 Dodging
 + Level 21.9 Shields
 + Level 20.7 Invocations


You had 26 spell levels left.
You didn't know any spells.

Dungeon Overview and Level Annotations

Branches:
Dungeon (15/15)            Temple (1/1) D:6            Lair (6/6) D:9
 Shoals (4/4) Lair:3       Spider (4/4) Lair:4        Slime (4/5) Lair:6
    Orc (2/2) D:11            Elf (3/3) Orc:2        Vaults (5/5) D:13
  Crypt (3/3) Vaults:3       Tomb (0/3) Crypt:3      Depths (5/5) D:15
   Hell (1/1)                 Dis (0/7) Hell            Geh (7/7) Hell
    Coc (0/7) Hell            Tar (0/7) Hell            Zot (5/5) Depths:5

Altars:
Ashenzari
Cheibriados
Dithmenos
Elyvilon
Fedhas
Gozag
Hepliaklqana
Kikubaaqudgha
Makhleb
Nemelex Xobeh
Okawaru
Qazlal
Ru
Sif Muna
Trog
Uskayaw
Vehumet
Wu Jian
Xom
Yredelemnul
Zin
The Shining One
Beogh

Shops:
D:6 (   Orc:2 !}(}!   Shoals:3 [**   Vaults:1 !   Vaults:2 [   Depths:1 :
Depths:4 ?   Depths:5 *

Portals:
Hell: Depths:1 Depths:2 Depths:3 Depths:4 Depths:5
Abyss: Depths:1 Depths:3 Depths:4 Depths:5
Pandemonium: Depths:3
Ziggurat: Depths:1
Trove: Vaults:1 (give +2 ice dragon scales)


Innate Abilities, Weirdness & Mutations

You have razor-sharp teeth.
You heal very quickly.
When hurt, damage is shared between your health and your magic reserves.
Your bite disrupts and absorbs the magic of your enemies.
Potions cannot restore your health.
You are immune to rotting.
You have a somewhat thin skeletal structure. (Dex +2, Stealth)
Your mind is acute. (Int +2)
Your magical capacity is low. (-10% MP)
You are robust. (+10% HP)


Message History

As you read the scroll of blinking, it crumbles to dust.
There is an open door here.
There is an open gate here.
You are confused.
Your system rejects the healing.
You feel invigorated.
You feel less invigorated.
You feel less confused. The hellion gestures at you.
The sphere of damnation explodes!
The damnation engulfs you!
* * * LOW HITPOINT WARNING * * *
The damnation engulfs the hellion.
The hellion completely resists.
There is an open gate here.
You impale the hellion!! You bite the hellion!
The hellion's magic leaks into the air.
You drain its magic.
You feel invigorated.
The hellion is severely wounded.
You block the hellion's attack.
You shiver with fear.
You are blasted with magical energy!
You die...

####§§≈§§§..............
####≈§§........#........ .
####§≈.................# ##...
####≈.≈..#####......####.22...
####≈...##...##.#####.1..#
####§...#.....###.....######
####≈...#....2'...#####....####
####≈≈..#...12#####............
####≈.§.##...'@..........).....
####≈.≈..##'#'...........)...).
####≈§....#.#.........#######..
####≈.§...#.#.......### ###
####≈≈≈...#.##......# #
####≈≈≈...#..#.....## #
####≈.≈...##.#.....#
###≈......#.#.....#
###§...#..#.##


You could see a Brimstone Fiend, a balrug and a hellion.

Vanquished Creatures
  Dissolution (Slime:2)
  the Serpent of Hell (Geh:7)
  5 orbs of fire (Zot:5)
  7 ancient liches
  Mara (Depths:1)
  A juggernaut (Depths:5)
  The ghost of tasys the Conqueror, a master GrFi of Trog (Zot:1)
  Bai Suzhen (Vaults:2)
  Saint Roka (Vaults:3)
  3 curse toes
  Geryon (Hell)
  7 Killer Klowns
  6 golden dragons
  Nikola (Spider:2)
  2 profane servitors
  5 bone dragons
  21 Brimstone Fiends
  3 electric golems
  Jorgrun (Spider:4)
  6 liches
  A Hell Sentinel (Abyss:5)
  16 tentacled monstrosities
  Asterion (Depths:1)
  2 deep elf blademasters (Elf:3)
  24 Orb Guardians (Zot:5)
  9 quicksilver dragons
  4 titans (Vaults:5)
  An Executioner (Abyss:2)
  Gastronok (D:12)
  2 deep elf master archers (Elf:3)
  Polyphemus (Shoals:4)
  11 acid blobs
  18 tentacled starspawn
  5 ancient champions
  4 sphinxes
  The ghost of zuik the Warrior, an adept MiGl of Ru (Shoals:3)
  12 death cobs
  An eldritch tentacle (Geh:5)
  12 shadow dragons
  16 storm dragons
  14 draconian monks
  4 revenants
  15 azure jellies
  Ilsuiw (Shoals:4)
  12 tengu reavers
  5 draconian knights
  4 iron dragons
  7 deep elf sorcerers
  8 frost giants
  11 fire giants
  4 draconian scorchers
  10 ghost moths
  18 balrugs
  Louise (D:15)
  13 vault wardens
  An orc warlord (Orc:1)
  An angel (Abyss:1)
  2 cacodemons
  2 curse skulls
  10 ghouls
  Aizul (Vaults:2)
  The ghost of HaroldHyrax the Tortoise, a journeyman HOFi of Okawaru (Spider:2)
  7 emperor scorpions
  An imperial myrmidon (Desolation)
  21 very ugly things
  7 draconian shifters
  8 draconian stormcallers
  2 war gargoyles
  13 ironheart preservers
  A juggernaut skeleton (Depths:2)
  14 draconian annihilators
  17 reapers
  6 entropy weavers
  16 deep elf demonologists
  6 vampire knights
  13 green draconians
  17 stone giants
  4 deep elf annihilators
  20 purple draconians
  12 black draconians
  15 white draconians
  Nessos (Lair:4)
  19 yellow draconians
  2 lorocyprocas
  18 red draconians
  6 spark wasps
  A green death (Hell)
  7 ettins
  3 halazid warlocks (Desolation)
  10 merfolk javelineers
  2 crystal guardians (Desolation)
  5 blizzard demons
  Josephine (D:15)
  11 deep elf death magi
  7 merfolk impalers
  4 eidola
  16 ogre magi
  9 fire dragons
  2 death oozes
  11 great orbs of eyes
  17 yaktaur captains
  A naga warrior (Abyss:5)
  10 servants of whispers (Desolation)
  8 deep elf high priests
  6 ragged hierophants (Desolation)
  4 quicksilver dragon zombies
  12 ice dragons
  15 jiangshi
  4 quicksilver dragon skeletons
  29 vault guards
  11 rakshasas
  The ghost of Lokiki the Blocker, a journeyman DsFi of Okawaru (Lair:3)
  5 peacekeepers (Desolation)
  8 hydras
  34 two-headed ogres
  3 merfolk avatars
  An anaconda (Lair:6)
  The ghost of McKennaii the Eclecticist, a journeyman DEIE of Sif Muna (D:13)
  7 merfolk aquamancers
  An alligator snapping turtle (Shoals:3)
  6 death knights
  29 dancing weapons
  A catoblepas (Shoals:4)
  3 centaur warriors
  5 spriggan air magi
  2 deep troll earth magi
  A spectral fire giant (Crypt:3)
  2 satyrs (Abyss:4)
  5 vampire magi
  15 tengu warriors
  The ghost of supermoro the Covert, a journeyman KoEn of Gozag (D:11)
  17 death yaks
  4 deep troll shamans
  A queen ant (Spider:1)
  60 hell hogs
  24 thrashing horrors
  2 queen ants (shapeshifter)
  8 titan zombies
  An orc high priest (Elf:1)
  15 spriggan berserkers
  34 sun demons
  21 deep elf knights
  5 storm dragon zombies
  The ghost of raetorn the Covert, a journeyman VSAs of Uskayaw (D:10)
  Sonja (D:11)
  15 soul eaters
  22 wretched stars
  A fire crab (shapeshifter) (Vaults:3)
  A salamander mystic (Depths:4)
  14 shadow wraiths
  8 spatial maelstroms
  5 sixfirhies
  39 skeletal warriors
  An unseen horror (shapeshifter) (Vaults:5)
  17 sea snakes
  5 iron trolls
  2 titan skeletons
  3 ghost moth zombies
  A sea snake (shapeshifter) (Vaults:5)
  18 flayed ghosts
  3 quicksilver dragon simulacra
  2 golden dragon zombies
  84 hell knights
  11 glowing orange brains
  9 deep trolls
  89 starcursed masses
  4 anaconda zombies
  10 unseen horrors
  18 deep elf archers
  An orange crystal statue (Zot:5)
  7 wizards
  5 golden dragon skeletons
  30 harpies
  An obsidian statue (Zot:5)
  5 wolf spider zombies
  10 phantasmal warriors
  20 orc knights
  2 shadow dragon skeletons (Geh:6)
  3 shadow dragon zombies
  18 orb spiders
  22 ironbrand convokers
  7 anaconda skeletons
  A mana viper (Abyss:5)
  6 stone giant zombies
  2 oklob plants
  4 fire giant zombies
  A mana viper (shapeshifter) (Vaults:5)
  25 ugly things
  8 iron dragon zombies
  27 wolf spiders
  39 necromancers
  A glowing shapeshifter (Depths:5)
  12 orc sorcerers
  7 frost giant zombies
  2 sphinx skeletons
  9 cyclopes
  3 human zombies
  5 manticores
  4 fauns (Shoals:1)
  74 deep elf magi
  24 moths of wrath
  6 shining eyes
  7 worldbinders
  A guardian serpent (shapeshifter) (Depths:2)
  A moth of wrath (shapeshifter) (Vaults:5)
  7 stone giant skeletons
  2 salamanders (Depths:4)
  7 merfolk sirens
  4 fire giant skeletons
  A shock serpent zombie (Geh:4)
  5 iron dragon skeletons
  15 elephants
  A black mamba (Lair:6)
  7 guardian serpents
  4 torpor snails
  8 dire elephant zombies
  18 rust devils
  2 eyes of devastation
  Joseph (Lair:1)
  7 frost giant skeletons
  2 naga magi
  2 orange demons
  2 ice statues
  14 molten gargoyles
  13 vault sentinels
  A titan simulacrum (Vaults:5)
  31 smoke demons
  4 apocalypse crabs
  6 water nymphs
  A gargoyle (D:15)
  A spiny frog (shapeshifter) (Abyss:3)
  6 centaur skeletons
  A grey draconian zombie (Crypt:2)
  2 emperor scorpion zombies
  A shock serpent skeleton (Geh:3)
  8 dire elephant skeletons
  11 spiny frogs
  59 yaktaurs
  4 rime drakes
  An alligator snapping turtle skeleton (Crypt:1)
  8 komodo dragons
  26 hellions
  A catoblepas zombie (Hell)
  The ghost of yann the Grasshopper, a novice HuWn of Kikubaaqudgha (D:5)
  A kobold demonologist (D:15)
  13 swamp worm zombies (Crypt:2)
  An ice devil (Hell)
  2 anaconda simulacra
  16 tormentors
  14 demonic crawlers
  4 tengu conjurers
  26 ancient zymes
  2 hydra zombies
  A yaktaur (shapeshifter) (Depths:1)
  17 freezing wraiths
  3 hellwings
  14 efreet
  44 red devils
  2 silent spectres
  23 polar bears
  2 catoblepas skeletons
  A polar bear (shapeshifter) (Abyss:4)
  6 harpy zombies
  7 trolls
  9 hornets
  36 jumping spiders
  29 merfolk
  A hornet (shapeshifter) (Elf:3)
  A queen bee (shapeshifter) (Depths:1)
  A troll (shapeshifter) (Elf:2)
  7 wind drakes
  105 slime creatures
  A wolf spider simulacrum (Crypt:2)
  6 hydra skeletons
  6 snapping turtles
  39 blink frogs
  2 wind drakes (shapeshifter)
  6 ettin zombies
  2 harpy skeletons
  A dream sheep (Lair:6)
  50 saltlings (Desolation)
  3 alligator zombies
  A frost giant simulacrum (Abyss:3)
  3 ice dragon zombies
  157 flying skulls
  15 hippogriffs
  27 raiju
  2 bog bodies (Crypt:2)
  2 ettin skeletons
  3 fire dragon zombies
  43 redbacks
  8 ynoxinuls
  Sigmund (D:4)
  5 air elementals
  24 shadows
  2 alligator skeletons
  2 black mamba zombies
  3 ice dragon skeletons
  3 fire dragon skeletons
  3 wyverns
  18 spriggans
  2 elf zombies
  61 large abominations
  32 wraiths
  4 vampires
  47 fire elementals
  18 humans
  89 yaks
  20 tarantellas
  25 water elementals
  4 golden eyes (Slime:4)
  11 chaos spawn
  Grum (D:9)
  2 basilisks
  An emperor scorpion simulacrum (Hell)
  2 steam dragons
  14 neqoxecs
  A hungry ghost (Abyss:4)
  13 vampire mosquitoes
  13 wargs
  A gelid demonspawn zombie (Geh:1)
  4 nagas (Abyss:5)
  5 acid dragons
  7 insubstantial wisps
  A glowing shapeshifter zombie (Crypt:2)
  14 spatial vortices
  58 hell hounds
  A water moccasin (shapeshifter) (Depths:3)
  3 spiny frog zombies (Hell)
  A hydra simulacrum (Hell)
  9 water moccasins
  21 soldier ants
  5 snapping turtle zombies
  A water nymph skeleton (Crypt:2)
  An infernal demonspawn skeleton (Geh:1)
  A floating eye (Depths:4)
  5 porcupines
  46 orc warriors
  A sky beast (D:9)
  A sky beast (shapeshifter) (Depths:1)
  2 spiny frog skeletons (Hell)
  8 ice beasts
  7 eyes of draining
  A manticore zombie (Crypt:2)
  13 necrophages
  4 phantoms
  4 ettin simulacra
  A swamp dragon zombie (Geh:2)
  8 black bears
  38 ogres
  36 boggarts
  9 centaurs
  2 manticore skeletons
  4 snapping turtle skeletons
  39 wolves
  6 crocodiles
  3 elf skeletons
  2 swamp dragon skeletons
  5 big kobolds
  20 bullfrogs
  7 earth elementals
  3 scorpions
  2 wyvern skeletons
  13 killer bees
  A spriggan zombie (Geh:2)
  A manticore simulacrum (Crypt:2)
  2 human simulacra
  A spriggan skeleton (Geh:4)
  49 wights
  7 howler monkeys
  14 crimson imps
  3 bullfrog zombies
  6 centaur zombies
  3 quasits
  4 hounds
  A bullfrog skeleton (D:6)
  12 jellies
  51 small abominations
  27 orc priests
  35 orc wizards
  An iron imp (Hell)
  Ijyb (D:3)
  2 human skeletons
  5 iguanas
  38 worker ants
  6 hell rats (Hell)
  A porcupine skeleton (Crypt:1)
  A naga zombie (Crypt:1)
  A crocodile skeleton (Crypt:1)
  A naga skeleton (Geh:6)
  A hound zombie (D:9)
  A hound skeleton (D:5)
  2 worker ant zombies
  Robin (D:3)
  9 gnolls
  6 adders
  A steam dragon zombie (Crypt:1)
  A swamp drake zombie (Crypt:2)
  A tengu simulacrum (Crypt:2)
  A shadow imp (D:14)
  16 white imps
  7 ufetubi
  11 oozes
  A halfling skeleton (Crypt:2)
  3 adder skeletons
  5 worms
  2 dart slugs
  9 leopard geckos
  117 orcs
  6 giant cockroaches
  11 goblins
  7 hobgoblins
  26 jackals
  25 kobolds
  5 quokkas
  A ball python (D:1)
  2 bats
  4 frilled lizards
  A kobold skeleton (Geh:3)
  A leopard gecko zombie (D:5)
  2 quokka skeletons
  A quokka zombie (D:9)
  4 rats
  A rat zombie (Crypt:2)
  A river rat skeleton (Crypt:1)
  3 crawling corpses
  5 fire vortices
  5 lurking horrors
  18 starspawn tentacles
4423 creatures vanquished.

Vanquished Creatures (collateral kills)
  An Orb Guardian (Zot:5)
  Snorg (Lair:3)
  A quicksilver dragon zombie (Geh:7)
  A titan skeleton (Geh:7)
  A fire giant zombie (Geh:7)
  A wolf spider (Spider:2)
  A manticore (D:11)
  A molten gargoyle (Geh:7)
  2 wraiths (Geh:7)
  An acid dragon (D:11)
  A swamp dragon skeleton (Geh:7)
  An orc wizard (Orc:1)
  A fungus (Lair:3)
14 creatures vanquished.

Vanquished Creatures (others)
  A tentacled starspawn (Abyss:4)
  An eldritch tentacle (Geh:1)
  A ragged hierophant (Desolation)
  A deep elf high priest (Elf:3)
  A hell hog (Geh:4)
  A thrashing horror (Abyss:5)
  A deep elf knight (Elf:3)
  A hell knight (Geh:6)
  A wizard (Vaults:2)
  A necromancer (Geh:6)
  2 wolf spiders
  A large abomination (Abyss:5)
  A moth of wrath (Zot:5)
  A kobold demonologist (Abyss:5)
  A yaktaur (Vaults:5)
  A hornet (Spider:2)
  3 blink frogs
  A bog body (Crypt:2)
  A ynoxinul (Abyss:5)
  7 spatial vortices (Abyss:5)
  A hell hound (Depths:3)
  An ettin simulacrum (Depths:3)
  A boggart (Depths:3)
  A small abomination (Abyss:2)
  4 wights
  A centaur zombie (Geh:2)
  A starcursed mass (Abyss:4)
  A human skeleton (Geh:2)
  An orc wizard (Orc:1)
  An orc (Vaults:5)
  A kobold (Abyss:5)
  3 bushes
  10 fungi
  6 lurking horrors
  11 plants
  36 starspawn tentacles
109 creatures vanquished.

Grand Total: 4546 creatures vanquished

Notes
Turn   | Place    | Note
-------+----------+-------------------------------------------
     0 | D:1      | LSF the Vine Stalker Fighter began the quest for the Orb.
     0 | D:1      | Reached XP level 1. HP: 11/11 MP: 2/2
   316 | D:1      | Reached XP level 2. HP: 16/16 MP: 3/3
   701 | D:2      | Found a white marble altar of Elyvilon.
  1103 | D:2      | Found a snail-covered altar of Cheibriados.
  1187 | D:2      | Reached XP level 3. HP: 19/19 MP: 4/4
  1691 | D:3      | Noticed Robin
  2277 | D:3      | Gained mutation: Your natural rate of healing is unusually fast. [Vine Stalker growth]
  2277 | D:3      | Reached XP level 4. HP: 21/24 MP: 5/5
  2396 | D:3      | Reached XP level 5. HP: 28/28 MP: 4/6
  2461 | D:3      | Noticed Ijyb
  2472 | D:3      | Paralysed by Ijyb for 2 turns
  2481 | D:3      | Paralysed by Ijyb for 4 turns
  2487 | D:3      | Killed Ijyb
  2519 | D:3      | Found a shattered altar of Ashenzari.
  2921 | D:3      | Killed Robin
  3272 | D:3      | Reached XP level 6. HP: 31/32 MP: 7/7
  3583 | D:4      | Noticed Sigmund
  3600 | D:4      | Killed Sigmund
  3600 | D:4      | Reached XP level 7. HP: 27/37 MP: 8/8
  3643 | D:4      | Found a radiant altar of Vehumet.
  3727 | D:4      | Found a bloodstained altar of Trog.
  3800 | D:4      | Reached skill level 5 in Maces & Flails
  3851 | D:4      | Found a stormy altar of Qazlal.
  4222 | D:5      | Entered Level 5 of the Dungeon
  4260 | D:5      | Noticed yann's ghost (novice HuWn)
  4280 | D:5      | Killed yann's ghost
  4280 | D:5      | Gained mutation: You have razor-sharp teeth. [Vine Stalker growth]
  4280 | D:5      | Reached XP level 8. HP: 33/42 MP: 3/9
  4903 | D:6      | Noticed a two-headed ogre
  4903 | D:6      | Reached skill level 5 in Fighting
  4903 | D:6      | Reached skill level 5 in Shields
  5356 | D:5      | Killed a two-headed ogre
  5356 | D:5      | Reached skill level 5 in Armour
  5356 | D:5      | Reached XP level 9. HP: 47/47 MP: 6/10
  5526 | D:6      | Found an ancient bone altar of Kikubaaqudgha.
  5568 | D:6      | Found Touliat's Weapon Shop.
  5754 | D:6      | Found a staircase to the Ecumenical Temple.
  5762 | Temple   | Entered the Ecumenical Temple
  5840 | Temple   | Became a worshipper of Makhleb the Destroyer
  6005 | D:6      | Reached skill level 1 in Polearms
  6099 | D:6      | Reached skill level 2 in Polearms
  6359 | D:6      | Found a shimmering altar of Xom.
  6768 | D:7      | Found a hazy altar of Hepliaklqana.
  6785 | D:7      | Reached skill level 3 in Polearms
  6909 | D:7      | Found a radiant altar of Vehumet.
  7449 | D:8      | Reached skill level 4 in Polearms
  7570 | D:8      | Reached * piety under Makhleb
  7703 | D:8      | Reached skill level 5 in Polearms
  7749 | D:7      | Found a burning altar of Makhleb.
  7793 | D:8      | Got a faintly glowing robe
  7823 | D:8      | Noticed a two-headed ogre
  7824 | D:8      | Reached skill level 1 in Invocations
  7840 | D:8      | Killed a two-headed ogre
  7840 | D:8      | Reached XP level 10. HP: 44/53 MP: 7/12
  7881 | D:8      | Found a basalt altar of Yredelemnul.
  7957 | D:8      | Identified the +2 robe of Orthodoxy {rElec rF+ Str+3} (You found it on level 8 of the Dungeon)
  8000 | D:8      | Reached ** piety under Makhleb
  8628 | D:9      | Found a hide-covered altar of Uskayaw.
  8661 | D:9      | Noticed a two-headed ogre
  8670 | D:9      | Killed a two-headed ogre
  8928 | D:9      | Noticed Grum
  8959 | D:9      | Killed Grum
  8967 | D:9      | Reached XP level 11. HP: 43/58 MP: 6/15
  9320 | D:9      | Found a staircase to the Lair.
  9328 | D:9      | Got a pair of ichor-stained gloves
  9334 | D:9      | Identified the +0 pair of gloves of Gataupee {Stlth+} (You found it on level 9 of the Dungeon)
  9403 | D:9      | Reached skill level 5 in Invocations
  9628 | D:10     | Entered Level 10 of the Dungeon
  9714 | D:10     | Reached *** piety under Makhleb
 10401 | D:10     | HP: 3/60 [orc priest/divine providence (10)]
 10631 | D:10     | Noticed raetorn's ghost (journeyman VSAs)
 10637 | D:10     | Killed raetorn's ghost
 10664 | D:10     | Found a sparkling altar of Nemelex Xobeh.
 10704 | D:10     | Noticed a two-headed ogre
 10707 | D:10     | Killed a two-headed ogre
 10885 | D:10     | Reached **** piety under Makhleb
 11280 | D:11     | Noticed a six-headed hydra
 11288 | D:11     | Killed a six-headed hydra
 11574 | D:11     | Noticed supermoro's ghost (journeyman KoEn)
 11677 | D:11     | Killed supermoro's ghost
 11677 | D:11     | Gained mutation: You heal very quickly. [Vine Stalker growth]
 11677 | D:11     | Reached XP level 12. HP: 65/65 MP: 9/18
 11776 | D:11     | Found a staircase to the Orcish Mines.
 12157 | D:11     | Noticed Sonja
 12170 | D:11     | Killed Sonja
 12622 | Orc:1    | Entered Level 1 of the Orcish Mines
 12919 | D:6      | Bought the +8 lance "Wyrmbane" {slay drac, rPois rF+ rC+ AC+3} for 808 gold pieces
 12919 | D:6      | Found the +8 lance "Wyrmbane" {slay drac, rPois rF+ rC+ AC+3}
 13420 | Orc:1    | Noticed an orc warlord
 13425 | Orc:1    | Noticed a soul eater
 13475 | Orc:1    | Killed an orc warlord
 13480 | Orc:1    | Reached ***** piety under Makhleb
 13663 | D:12     | Noticed Gastronok
 13685 | D:12     | Killed Gastronok
 13685 | D:12     | Reached skill level 6 in Polearms
 13848 | D:12     | Found a roughly hewn altar of Beogh.
 13988 | D:12     | Reached XP level 13. HP: 70/70 MP: 20/20
 14065 | D:12     | Reached skill level 7 in Polearms
 14331 | Lair:1   | Entered Level 1 of the Lair of Beasts
 14624 | Lair:1   | Noticed Joseph
 14642 | Lair:1   | Killed Joseph
 15063 | Lair:2   | Reached skill level 8 in Polearms
 15278 | Lair:2   | Reached skill level 9 in Polearms
 15768 | Lair:3   | Noticed Snorg
 15788 | Lair:2   | Reached skill level 10 in Polearms
 15847 | Lair:3   | Got a slimy steel ring
 15849 | Lair:3   | Identified the ring of Xyjihob {Fire +Inv Int+4} (You found it on level 3 of the Lair of Beasts)
 15918 | Lair:3   | Got a bloodstained buckler
 15929 | Lair:3   | Identified the +1 buckler of the Great Game {rN+} (You found it on level 3 of the Lair of Beasts)
 15942 | Lair:3   | Killed Snorg
 16238 | Lair:3   | Found a staircase to the Shoals.
 16249 | Lair:3   | Reached skill level 11 in Polearms
 16370 | Lair:3   | Reached XP level 14. HP: 76/76 MP: 21/21
 16581 | Lair:4   | Found a hole to the Spider Nest.
 16581 | Lair:4   | Noticed Nessos
 16597 | Lair:4   | Killed Nessos
 16623 | Lair:4   | Reached ****** piety under Makhleb
 16832 | Lair:4   | Reached skill level 12 in Polearms
 17635 | Lair:5   | Reached skill level 1 in Dodging
 17686 | Lair:5   | Found a frozen archway.
 17808 | IceCv    | Entered an ice cave
 17835 | IceCv    | Reached skill level 10 in Fighting
 17885 | IceCv    | Reached skill level 10 in Shields
 18319 | IceCv    | Noticed a frost giant
 18353 | IceCv    | Killed a frost giant
 18396 | IceCv    | Got a heavily runed jade ring
 18402 | IceCv    | Got a translucent lapis lazuli ring
 18559 | Lair:5   | Identified the ring "Soecw" {rPois MR+ Dex+2} (You found it in an ice cave)
 18561 | Lair:5   | Identified the ring of Xom's Displeasure {+Blink rF+ EV+2 Str-5 Int+5} (You found it in an ice cave)
 18738 | Lair:5   | Reached XP level 15. HP: 81/81 MP: 22/22
 19288 | Lair:6   | Entered Level 6 of the Lair of Beasts
 19432 | Lair:6   | Found a staircase to the Slime Pits.
 19628 | Lair:6   | Got a sparkling copper ring
 19630 | Lair:6   | Identified the ring of Oshatobb {*Tele MR+ Str+4 Dex+2} (You found it on level 6 of the Lair of Beasts)
 19846 | Lair:6   | Reached skill level 10 in Armour
 20240 | Lair:6   | Reached skill level 13 in Polearms
 20868 | Orc:2    | Entered Level 2 of the Orcish Mines
 20944 | Orc:2    | Found Zogugh's Distillery.
 21277 | Orc:2    | Found a staircase to the Elven Halls.
 21563 | Orc:2    | Found an ancient bone altar of Kikubaaqudgha.
 21590 | Orc:2    | Found Dog Jyd's Gadget Emporium.
 21648 | Orc:2    | Found a roughly hewn altar of Beogh.
 21648 | Orc:2    | Found Ineaha's Gadget Shoppe.
 21648 | Orc:2    | Found Masul's Distillery.
 21671 | Orc:2    | Found Ufoiliuw's Antique Weapon Shoppe.
 21696 | Orc:2    | Found a radiant altar of Vehumet.
 22200 | D:13     | Reached XP level 16. HP: 87/87 MP: 24/24
 22267 | D:13     | Noticed McKennaii's ghost (journeyman DEIE)
 22289 | D:13     | Killed McKennaii's ghost
 22925 | D:13     | Found a gate to the Vaults.
 23204 | D:14     | Found a snail-covered altar of Cheibriados.
 23221 | D:14     | Reached skill level 10 in Invocations
 23860 | D:15     | Entered Level 15 of the Dungeon
 24191 | D:15     | Noticed Josephine
 24203 | D:15     | Killed Josephine
 24394 | D:15     | Found a staircase to the Depths.
 24533 | D:15     | Found an opulent altar of Gozag.
 24770 | D:15     | Noticed Louise
 24804 | D:15     | Killed Louise
 25224 | Lair:3   | Noticed Lokiki's ghost (journeyman DsFi)
 25258 | Lair:3   | Killed Lokiki's ghost
 25258 | Lair:3   | Reached XP level 17. HP: 93/93 MP: 25/25
 25299 | Spider:1 | Entered Level 1 of the Spider Nest
 25638 | Spider:1 | Reached skill level 14 in Polearms
 25777 | Spider:1 | Reached skill level 5 in Dodging
 26882 | Spider:2 | Noticed HaroldHyrax's ghost (journeyman HOFi)
 26990 | Spider:2 | Killed HaroldHyrax's ghost
 27095 | Spider:2 | Noticed Nikola
 27118 | Spider:2 | Killed Nikola
 28461 | Spider:3 | Got a heavily runed bone amulet
 28806 | Shoals:1 | Entered Level 1 of the Shoals
 28816 | Shoals:1 | Found a radiant altar of Vehumet.
 28868 | Shoals:1 | Identified the amulet "Dagioj" {Faith rElec rF++} (You found it on level 3 of the Spider Nest)
 29018 | Shoals:1 | Reached XP level 18. HP: 80/99 MP: 27/27
 29350 | Shoals:1 | Reached skill level 15 in Polearms
 29528 | Shoals:1 | You fall through a shaft!
 30787 | Shoals:3 | Noticed zuik's ghost (adept MiGl)
 31000 | Shoals:3 | Found Voriaghi's Armour Boutique.
 31805 | Shoals:3 | Killed zuik's ghost
 32009 | Shoals:3 | Reached skill level 16 in Polearms
 32036 | Shoals:3 | Found Saimm's General Store.
 32095 | Shoals:3 | Bought 2 scrolls of identify for 68 gold pieces
 32130 | Shoals:3 | Found the macabre finger necklace {rN+}
 32176 | Shoals:3 | Found Hubups's General Store.
 32996 | Elf:1    | Entered Level 1 of the Elven Halls
 33808 | Elf:1    | Reached XP level 19. HP: 89/105 MP: 21/28
 34496 | Elf:2    | Found a large runed door.
 34496 | Elf:2    | Found a large runed door.
 34526 | Elf:2    | Found a large runed door.
 34526 | Elf:2    | Found a large runed door.
 35966 | Spider:4 | Entered Level 4 of the Spider Nest
 36306 | Shoals:3 | Bought the +4 pair of gloves of Compression {Str+4 Int+3} for 693 gold pieces
 36535 | Spider:4 | Noticed Jorgrun
 36723 | Spider:4 | Killed Jorgrun
 37880 | Spider:4 | Got a gossamer rune of Zot
 38246 | Vaults:1 | Entered Level 1 of the Vaults
 38322 | Vaults:1 | Reached XP level 20. HP: 112/112 MP: 29/29
 38328 | Vaults:1 | Reached skill level 17 in Polearms
 38481 | Vaults:1 | Found Veidoirph's Distillery.
 39405 | Vaults:1 | Found a portal to a secret trove of treasure.
 39727 | Vaults:2 | Identified a scroll of acquirement
 40098 | Vaults:2 | Reached skill level 15 in Fighting
 40196 | Vaults:2 | Noticed Aizul
 40221 | Vaults:2 | Killed Aizul
 40283 | Vaults:2 | Found Fagiaczu's Antique Armour Shop.
 40292 | Vaults:2 | Bought a pair of jewelled boots for 313 gold pieces
 40292 | Vaults:2 | Identified the cursed +0 pair of boots of Ficor {*Slow rF+ MR++} (You bought it in a shop on level 2 of the Vaults)
 40398 | Vaults:2 | Noticed Bai Suzhen
 40408 | Vaults:2 | Killed Bai Suzhen
 40854 | Vaults:3 | Found a ruined gateway.
 41065 | Desolati | Entered the Desolation of Salt
 41175 | Desolati | Reached XP level 21. HP: 117/117 MP: 27/31
 41784 | Desolati | Got a coiled ivory amulet
 41788 | Desolati | Identified the amulet of Uraof {Harm *Drain +Blink Int+5} (You found it in the Desolation of Salt)
 41853 | Desolati | Got a clouded crystal amulet
 41856 | Desolati | Identified the Reference Book on Earthen Sinister Secrets
 41870 | Desolati | Identified the amulet "Gosmail" {RegenMP rPois Int+4 Dex+4} (You found it in the Desolation of Salt)
 41880 | Desolati | Got a transparent scimitar
 42125 | Vaults:3 | Reached skill level 18 in Polearms
 42389 | Vaults:3 | Got a vibrating copper ring
 42391 | Vaults:3 | Identified the ring of Sunlight {AC+3 Dex+4} (You found it on level 3 of the Vaults)
 42585 | Vaults:3 | Found a staircase to the Crypt.
 42613 | Vaults:3 | Noticed Saint Roka
 42653 | Vaults:3 | Killed Saint Roka
 43575 | Vaults:4 | Reached XP level 22. HP: 124/124 MP: 32/32
 44572 | Shoals:4 | Entered Level 4 of the Shoals
 44758 | Shoals:4 | Noticed Polyphemus
 44796 | Shoals:4 | Found the +4 skin of Zhor {rC+++}
 44816 | Shoals:4 | Killed Polyphemus
 45002 | Shoals:4 | Noticed Ilsuiw
 45094 | Shoals:4 | Killed Ilsuiw
 45220 | Shoals:4 | Identified Weerip's Guide on Illusion
 45322 | Shoals:4 | Got a barnacled rune of Zot
 45437 | Shoals:4 | Got a shimmering battleaxe
 45439 | Shoals:4 | Identified the +4 battleaxe of the Philosopher {chop, -Tele +Inv rF+} (You found it on level 4 of the Shoals)
 46064 | Depths:1 | Entered Level 1 of the Depths
 46322 | Depths:1 | Found a gateway to Hell.
 46413 | Depths:1 | Noticed Mara
 46414 | Depths:1 | Found Fisam's One-of-a-Kind Books.
 46426 | Depths:1 | Killed Mara
 46540 | Depths:1 | Found a one-way gate to the infinite horrors of the Abyss.
 46605 | Depths:1 | Noticed Asterion
 46617 | Depths:1 | Killed Asterion
 46666 | Depths:1 | Found a gateway to a ziggurat.
 46678 | Depths:1 | Reached skill level 15 in Shields
 46687 | Depths:1 | Reached XP level 23. HP: 130/130 MP: 34/34
 47045 | Depths:1 | Got an ichor-stained trident {freeze}
 47048 | Depths:1 | Identified the +8 trident of Fortitude {freeze, Str+7} (You took it off a tengu warrior on level 1 of the Depths)
 47336 | Depths:2 | Reached skill level 19 in Polearms
 47878 | Depths:2 | Found the +8 Wrath of Trog {antimagic, *Rage}
 47965 | Depths:2 | Got a coiled amethyst amulet
 48163 | Depths:2 | Found a runed door.
 49279 | Depths:2 | Noticed an ancient lich
 49293 | Depths:2 | Killed an ancient lich
 49311 | Depths:2 | Got a twitching glass ring
 49389 | Depths:2 | Identified the ring "Tiewe" {rCorr +Blink MR+ Dex+7 SInv} (You found it on level 2 of the Depths)
 49392 | Depths:2 | Identified the amulet of Circularity {Regen+ Str+4} (You found it on level 2 of the Depths)
 49505 | Depths:3 | Reached skill level 10 in Dodging
 49725 | Depths:3 | Found a stormy altar of Qazlal.
 49887 | Depths:3 | Noticed a golden dragon
 49894 | Depths:3 | Killed a golden dragon
 49894 | Depths:3 | Reached XP level 24. HP: 118/137 MP: 34/34
 49997 | Depths:3 | Got a crude scale mail
 50005 | Depths:3 | Identified the cursed +0 scale mail of the Merchant {Regen+ MP+9} (You took it off a tengu warrior on level 3 of the Depths)
 50343 | Depths:3 | Got an ancient jade ring
 50377 | Depths:3 | Found a glowing silver altar of Zin.
 50463 | Depths:3 | Identified the ring "Miehet" {rF+ Str+3} (You took it off a spriggan air mage on level 3 of the Depths)
 50539 | Depths:3 | Found a bloodstained altar of Trog.
 50539 | Depths:3 | Found a one-way gate leading to the halls of Pandemonium.
 50774 | Depths:3 | Found a hazy altar of Hepliaklqana.
 51340 | Depths:4 | Paralysed by a floating eye for 4 turns
 51470 | Depths:4 | Reached skill level 20 in Polearms
 51941 | Depths:4 | Found Motokhle's Magic Scroll Shoppe.
 51949 | Depths:4 | Bought a scroll of identify for 44 gold pieces
 52187 | Depths:5 | Entered Level 5 of the Depths
 52601 | Depths:5 | Reached XP level 25. HP: 143/143 MP: 35/35
 52699 | Depths:5 | Found a gate to the Realm of Zot.
 52777 | Depths:5 | Found Zugovi's Assorted Antiques.
 52992 | Depths:5 | Noticed a juggernaut
 53006 | Depths:5 | Killed a juggernaut
 53653 | Elf:3    | Entered Level 3 of the Elven Halls
 54689 | Elf:3    | Reached skill level 15 in Invocations
 55567 | Vaults:5 | Entered Level 5 of the Vaults
 55615 | Vaults:5 | Reached skill level 15 in Armour
 55756 | Vaults:5 | Reached skill level 21 in Polearms
 55875 | Vaults:5 | Reached XP level 26. HP: 142/150 MP: 33/35
 56364 | Vaults:5 | Got a pitted helmet
 56365 | Vaults:5 | Identified the +1 helmet of the Guardian {+Fly rC- Int+3} (You found it on level 5 of the Vaults)
 56575 | Vaults:5 | Got a blackened shield
 56610 | Vaults:5 | Identified the +1 shield of Boredom {Int+2} (You took it off an ironheart preserver on level 5 of the Vaults)
 56744 | Vaults:5 | Noticed an ancient lich
 56769 | Vaults:5 | Killed an ancient lich
 56769 | Vaults:5 | Reached skill level 22 in Polearms
 57061 | Vaults:5 | Got a heavily runed helmet
 57063 | Vaults:5 | Got a scorched cloak
 57065 | Vaults:5 | Got a warped cloak
 57068 | Vaults:5 | Identified the +0 helmet "Sexuut" {rC+ Stlth+} (You found it on level 5 of the Vaults)
 57070 | Vaults:5 | Identified the +3 cloak "Akueh" {rN+++ MR- Dex+3 Stlth+} (You found it on level 5 of the Vaults)
 57071 | Vaults:5 | Identified the +1 cloak of the Secret Songs {rPois Str+2 Int+2 Dex-2} (You found it on level 5 of the Vaults)
 57118 | Vaults:5 | Identified the Grimoire of Dislocated Weightlessness
 57256 | Vaults:5 | Got a silver rune of Zot
 58201 | Shoals:3 | Bought a scroll of enchant armour for 82 gold pieces
 58666 | Depths:5 | Bought a scroll of enchant armour for 337 gold pieces
 59124 | Slime:1  | Entered Level 1 of the Pits of Slime
 59402 | Slime:1  | Gained mutation: Your magical capacity is low. (-10% MP) [a shining eye]
 59403 | Slime:1  | Gained mutation: You have a pair of small antennae on your head. [a shining eye]
 59405 | Slime:1  | Gained mutation: You are frail. (-10% HP) [a shining eye]
 59409 | Slime:1  | Gained mutation: You expend magic power (3 MP) to strengthen your wands. [a shining eye]
 60535 | Crypt:1  | Entered Level 1 of the Crypt
 60798 | Crypt:1  | Reached XP level 27. HP: 114/140 MP: 28/32
 62178 | Crypt:2  | Got a pair of distressingly furry gloves
 62389 | Crypt:2  | Identified the cursed +0 pair of gloves "Earthly Heaven" {Str+4 Dex+4 Stlth+} (You found it on level 2 of the Crypt)
 62619 | Crypt:3  | Entered Level 3 of the Crypt
 62826 | Crypt:3  | Found an ancient bone altar of Kikubaaqudgha.
 62870 | Crypt:3  | Reached skill level 23 in Polearms
 63169 | Crypt:3  | Found a staircase to the Tomb.
 63408 | Crypt:3  | Identified the Almanac of the Rocks
 63605 | Crypt:3  | Got a twitching platinum ring
 63607 | Crypt:3  | Identified the ring "Awinoh Fiu" {Ice MR+ Str-5 Int+4} (You found it on level 3 of the Crypt)
 64376 | Zot:1    | Entered Level 1 of the Realm of Zot
 64628 | Zot:1    | Noticed tasys's ghost (master GrFi)
 64661 | Zot:1    | Killed tasys's ghost
 66229 | Zot:3    | Reached skill level 24 in Polearms
 67316 | Zot:5    | Entered Level 5 of the Realm of Zot
 67388 | Zot:5    | Noticed an orb of fire
 67390 | Zot:5    | Gained mutation: Your spells are a little easier to cast, but a little less powerful. [an orb of fire]
 67393 | Zot:5    | Gained mutation: Your spells are easier to cast, but less powerful. [an orb of fire]
 67401 | Zot:5    | Killed an orb of fire
 67659 | Zot:5    | Noticed an ancient lich
 67674 | Zot:5    | Killed an ancient lich
 67732 | Zot:5    | Noticed an ancient lich
 67744 | Zot:5    | Killed an ancient lich
 67837 | Zot:5    | Noticed an ancient lich
 67847 | Zot:5    | Killed an ancient lich
 67943 | Zot:5    | Noticed an ancient lich
 67958 | Zot:5    | Killed an ancient lich
 67980 | Zot:5    | Noticed an orb of fire
 67982 | Zot:5    | Gained mutation: You are very frail. (-20% HP) [an orb of fire]
 67997 | Zot:5    | Killed an orb of fire
 68140 | Zot:5    | Noticed an orb of fire
 68141 | Zot:5    | Gained mutation: Your mind is acute. (Int +2) [an orb of fire]
 68150 | Zot:5    | Noticed an ancient lich
 68159 | Zot:5    | Killed an orb of fire
 68164 | Zot:5    | Killed an ancient lich
 68442 | Zot:5    | Noticed an orb of fire
 68446 | Zot:5    | Noticed an orb of fire
 68449 | Zot:5    | Gained mutation: You are extremely frail. (-30% HP) [an orb of fire]
 68457 | Zot:5    | Killed an orb of fire
 68457 | Zot:5    | Reached skill level 25 in Polearms
 68468 | Zot:5    | Killed an orb of fire
 69329 | Slime:2  | Noticed Dissolution
 69341 | Slime:2  | Killed Dissolution
 70372 | Slime:3  | Gained mutation: Your spells are much easier to cast, but much less powerful. [a shining eye]
 70375 | Slime:3  | Gained mutation: You are occasionally teleported next to monsters. [a shining eye]
 70382 | Slime:3  | Gained mutation: You tend to lose your temper in combat. [a shining eye]
 70601 | Slime:3  | Lost mutation: Your mind is acute. (Int +2) [a shining eye]
 70708 | Slime:3  | Lost mutation: You are extremely frail. (-30% HP) [potion of mutation]
 70708 | Slime:3  | Lost mutation: You expend magic power (3 MP) to strengthen your wands. [potion of mutation]
 70708 | Slime:3  | Lost mutation: You tend to lose your temper in combat. [potion of mutation]
 70708 | Slime:3  | Gained mutation: You tend to lose your temper in combat. [potion of mutation]
 70708 | Slime:3  | Lost mutation: Your spells are much easier to cast, but much less powerful. [potion of mutation]
 70708 | Slime:3  | Gained mutation: You evolve. [potion of mutation]
 70709 | Slime:3  | Lost mutation: You have a pair of small antennae on your head. [potion of mutation]
 70709 | Slime:3  | Lost mutation: You tend to lose your temper in combat. [potion of mutation]
 70709 | Slime:3  | Lost mutation: You are occasionally teleported next to monsters. [potion of mutation]
 70709 | Slime:3  | Gained mutation: You have supernaturally acute eyesight. (SInv) [potion of mutation]
 70709 | Slime:3  | Lost mutation: You are very frail. (-20% HP) [potion of mutation]
 70709 | Slime:3  | Gained mutation: You are very frail. (-20% HP) [potion of mutation]
 70709 | Slime:3  | Gained mutation: You are partially covered in iridescent scales. (AC +2) [potion of mutation]
 71952 | Depths:1 | Voluntarily entered the Abyss.
 72481 | Abyss:2  | Found a corrupted altar of Lugonu.
 72717 | Abyss:2  | Gained mutation: You are extremely frail. (-30% HP) [a neqoxec]
 72736 | Abyss:2  | Found a shimmering altar of Xom.
 72967 | Abyss:3  | Found a corrupted altar of Lugonu.
 72991 | Abyss:3  | Gained mutation: You are weak. (Str -2) [a neqoxec]
 73108 | Abyss:4  | Paralysed by accursed screaming for 1 turns
 73159 | Abyss:4  | Got an abyssal rune of Zot
 73171 | Abyss:4  | Found a corrupted altar of Lugonu.
 73268 | Abyss:4  | Reached skill level 15 in Dodging
 73400 | Abyss:4  | Gained mutation: You possess an exceptional clarity of mind. [evolution]
 73465 | Abyss:4  | Paralysed by accursed screaming for 2 turns
 73483 | Abyss:4  | Paralysed by accursed screaming for 2 turns
 73490 | Abyss:4  | Paralysed by accursed screaming for 2 turns
 73509 | Abyss:4  | Paralysed by accursed screaming for 2 turns
 73520 | Abyss:4  | Paralysed by accursed screaming for 1 turns
 73521 | Abyss:4  | Lost mutation: You have supernaturally acute eyesight. (SInv) [a neqoxec]
 73550 | Abyss:4  | Paralysed by accursed screaming for 1 turns
 73763 | Abyss:4  | Found a corrupted altar of Lugonu.
 73795 | Abyss:4  | Found a corrupted altar of Lugonu.
 73910 | Abyss:4  | Paralysed by you for 6 turns
 73972 | Abyss:5  | Entered Level 5 of the Abyss
 73972 | Abyss:5  | Found a corrupted altar of Lugonu.
 74002 | Abyss:5  | Gained mutation: You are occasionally teleported next to monsters. [mutagenic glow]
 74026 | Abyss:5  | Gained mutation: Scrolls take you a little longer to read. [a neqoxec]
 74028 | Abyss:5  | Gained mutation: Armour fits poorly on your strangely shaped body. [a neqoxec]
 74366 | Abyss:5  | Paralysed by accursed screaming for 1 turns
 74371 | Abyss:5  | Paralysed by accursed screaming for 1 turns
 74575 | Abyss:5  | Found a basalt altar of Yredelemnul.
 74749 | Abyss:5  | Reached skill level 26 in Polearms
 75041 | Abyss:5  | Paralysed by accursed screaming for 1 turns
 75051 | Abyss:5  | Paralysed by accursed screaming for 1 turns
 75581 | Depths:1 | Escaped the Abyss
 75590 | Depths:1 | Got an ancient cloak
 75594 | Depths:1 | Identified the +2 cloak of the Morning Star {rC+ Str+4} (You acquired it on level 1 of the Depths)
 75967 | Hell     | Entered the Vestibule of Hell
 75967 | Hell     | Noticed Geryon
 75993 | Hell     | Killed Geryon
 76135 | Hell     | Found a gateway to the ashen valley of Gehenna.
 76246 | Hell     | Found a gateway to the Iron City of Dis.
 76440 | Hell     | Found a gateway to the freezing wastes of Cocytus.
 76545 | Hell     | Found a gateway to the decaying netherworld of Tartarus.
 76705 | Geh:1    | Entered Level 1 of Gehenna
 76979 | Geh:1    | Lost mutation: You are weak. (Str -2) [potion of mutation]
 76979 | Geh:1    | Lost mutation: Your magical capacity is low. (-10% MP) [potion of mutation]
 76979 | Geh:1    | Lost mutation: You evolve. [potion of mutation]
 76979 | Geh:1    | Lost mutation: You are extremely frail. (-30% HP) [potion of mutation]
 76979 | Geh:1    | Lost mutation: Scrolls take you a little longer to read. [potion of mutation]
 76979 | Geh:1    | Lost mutation: Your spells are easier to cast, but less powerful. [potion of mutation]
 76980 | Geh:1    | Lost mutation: You are partially covered in iridescent scales. (AC +2) [potion of mutation]
 76980 | Geh:1    | Lost mutation: You are very frail. (-20% HP) [potion of mutation]
 76980 | Geh:1    | Gained mutation: You have a somewhat thin skeletal structure. (Dex +2, Stealth) [potion of mutation]
 76980 | Geh:1    | Gained mutation: You can translocate small distances at will. [potion of mutation]
 77090 | Geh:1    | Gained mutation: You are weak. (Str -2) [mutagenic glow]
 77244 | Geh:1    | Lost mutation: You are frail. (-10% HP) [potion of mutation]
 77244 | Geh:1    | Lost mutation: You possess an exceptional clarity of mind. [potion of mutation]
 77244 | Geh:1    | Lost mutation: You are weak. (Str -2) [potion of mutation]
 77244 | Geh:1    | Lost mutation: Your spells are a little easier to cast, but a little less powerful. [potion of mutation]
 77244 | Geh:1    | Gained mutation: You occasionally shout uncontrollably at your foes. [potion of mutation]
 77244 | Geh:1    | Gained mutation: You have sharp toenails. [potion of mutation]
 77244 | Geh:1    | Gained mutation: You tend to lose your temper in combat. [potion of mutation]
 77244 | Geh:1    | Gained mutation: You are somewhat resistant to further mutation. [potion of mutation]
 77245 | Geh:1    | Lost mutation: You occasionally shout uncontrollably at your foes. [potion of mutation]
 77245 | Geh:1    | Lost mutation: You have sharp toenails. [potion of mutation]
 77245 | Geh:1    | Lost mutation: Armour fits poorly on your strangely shaped body. [potion of mutation]
 77246 | Geh:1    | Lost mutation: You tend to lose your temper in combat. [potion of mutation]
 77246 | Geh:1    | Lost mutation: You are occasionally teleported next to monsters. [potion of mutation]
 77246 | Geh:1    | Lost mutation: You are somewhat resistant to further mutation. [potion of mutation]
 77246 | Geh:1    | Lost mutation: You can translocate small distances at will. [potion of mutation]
 77246 | Geh:1    | Gained mutation: Your mind is acute. (Int +2) [potion of mutation]
 80969 | Geh:5    | Gained mutation: You are robust. (+10% HP) [mutagenic glow]
 81044 | Geh:5    | Gained mutation: Your magical capacity is low. (-10% MP) [mutagenic glow]
 81077 | Geh:5    | Reached skill level 27 in Polearms
 83126 | Geh:7    | Entered Level 7 of Gehenna
 83289 | Geh:7    | Noticed the Serpent of Hell
 83301 | Geh:7    | Killed the Serpent of Hell
 83744 | Geh:7    | Identified the Tome of Lucky Summoning
 83810 | Geh:7    | Got a crude platinum ring
 83828 | Geh:7    | Identified the ring of Dapp {Ice *Drain rN+ Int+3 Stlth+} (You took it off a balrug on level 7 of Gehenna)
 83886 | Geh:7    | HP: 4/187 [hellion/damnation (18)]
 83898 | Geh:7    | HP: 8/187 [hellion/damnation (10)]
 83899 | Geh:7    | Killed by the effects of Hell

Skill      XL: |  1  2  3  4  5  6  7  8  9 10 11 12 13 14 15 16 17 18 19 20 21 22 23 24 25 26 27 |
---------------+----------------------------------------------------------------------------------+-----
Maces & Flails | 2 3 4 5 7 |  7.1
Shields        | 3 4 5 6 7 8 9 10 11 12 13 14 15 16 17 21 | 21.9
Fighting       | 3 4 5 6 7 8 9 10 11 12 13 14 15 16 17 18 19 25 | 25.6
Armour         | 3 4 5 6 7 8 9 10 11 12 13 14 15 19 | 19.3
Polearms       | 5 6 11 12 13 14 16 17 18 19 20 21 22 27 | 27.0
Invocations    | 2 4 6 8 9 10 11 12 13 14 15 20 | 20.7
Dodging        | 2 3 4 5 6 7 8 9 10 11 12 16 | 16.9

Action                   |  1- 3 |  4- 6 |  7- 9 | 10-12 | 13-15 | 16-18 | 19-21 | 22-24 | 25-27 || total
-------------------------+-------+-------+-------+-------+-------+-------+-------+-------+-------++-------
Melee: Flail             |   112 |    19 |       |       |       |       |       |       |       ||   131
       Bite              |    27 |    58 |   161 |   473 |   767 |  1149 |  1011 |  1130 |  3953 ||  8729
       Whip              |       |   169 |   294 |   983 |       |       |       |       |       ||  1446
       Trident           |       |       |   116 |       |       |       |       |       |       ||   116
       Lance             |       |       |       |   220 |  1885 |  2994 |  2170 |  2174 |  8108 || 17551
Invok: Minor Destruction |       |       |       |    17 |     7 |       |     5 |     8 |    29 ||    66
       Lesser Servant of |       |       |       |     3 |     2 |     5 |     4 |       |       ||    14
       Greater Servant o |       |       |       |       |       |       |       |       |     4 ||     4
       Major Destruction |       |       |       |       |       |       |       |       |     2 ||     2
Evoke: Wand              |       |       |     6 |    16 |     2 |     9 |     6 |       |    12 ||    51
  Use: Scroll            |       |       |    12 |     8 |     7 |    15 |    12 |     8 |    32 ||    94
       Potion            |       |       |       |     2 |       |       |     9 |     2 |    16 ||    29
 Stab: Paralysed         |       |       |    10 |     5 |       |       |       |       |       ||    15
       Distracted        |       |       |       |     2 |     1 |     3 |     3 |     2 |    13 ||    24
       Sleeping          |       |       |       |       |       |     7 |     4 |       |       ||    11
       Fleeing           |       |       |       |       |       |       |     2 |       |       ||     2
       Petrified         |       |       |       |       |       |       |       |     3 |       ||     3
       Confused          |       |       |       |       |       |       |       |       |     3 ||     3
  Eat: Chunk             |     4 |     5 |    14 |    21 |    27 |    38 |    29 |    28 |    63 ||   229
       Ration            |       |       |       |       |       |     1 |     1 |     1 |    13 ||    16
Armor: Scale mail        |    62 |       |       |   133 |       |       |       |       |       ||   195
       Chain mail        |    10 |    67 |   110 |    60 |   554 |   424 |       |       |       ||  1225
       Plate armour      |       |       |    13 |   279 |       |       |       |       |       ||   292
       Acid dragon scale |       |       |       |       |       |   245 |   239 |       |       ||   484
       Storm dragon scal |       |       |       |       |       |       |   216 |   543 |   307 ||  1066
       Gold dragon scale |       |       |       |       |       |       |       |       |  1480 ||  1480
Dodge: Dodged            |    34 |    19 |    62 |   212 |   361 |   646 |   618 |   688 |  2119 ||  4759
Block: Shield            |    66 |    75 |   184 |   695 |   204 |       |       |       |  3355 ||  4579
       Buckler           |       |       |       |       |   338 |   350 |   481 |   530 |   405 ||  2104
       Large shield      |       |       |       |       |       |   826 |       |       |       ||   826
